 Dungeon Crawl Stone Soup version 0.23-a0-558-g30802b1 (webtiles) character file.

1781 TheGoonsmith the Charmwright (level 9, -11/69 HPs)
             Began as a Gnoll Skald on Dec 12, 2018.
             Was an Initiate of Wu Jian.
             Mangled by a death knight
             ... wielding a +4 halberd
              (20 damage)
             ... on level 6 of the Dungeon.
             The game lasted 00:15:19 (7540 turns).

TheGoonsmith the Charmwright (Gnoll Skald)          Turns: 7540, Time: 00:15:20

Health: -11/69     AC: 17    Str: 14 (15) XL:     9   Next: 8%
Magic:  18/18      EV: 14    Int: 14 (15) God:    Wu Jian [......]
Gold:   369        SH:  0    Dex: 17 (19) Spells: 12/20 levels left

rFire    . . .     SeeInvis .   a - +2 dire flail (protect)
rCold    + . .     Gourm    .   (shield currently unavailable)
rNeg     . . .     Faith    .   v - +0 ring mail
rPois    .         Spirit   .   A - +1 helmet
rElec    .         Reflect  .   q - +0 cloak
rCorr    .         Harm     .   (no gloves)
MR       .....                  j - +0 pair of boots
Stlth    ++........             (no amulet)
HPRegen  0.21/turn              l - ring of protection from cold
MPRegen  0.16/turn              E - +2 ring of strength

@: protection aura, very slightly contaminated, invisible
A: distributed training, fangs 1, strong nose
a: Renounce Religion


You were on level 6 of the Dungeon.
You worshipped Wu Jian.
Wu Jian was noncommittal.
You were near starving.

You visited 2 branches of the dungeon, and saw 7 of its levels.

You collected 369 gold pieces.

Inventory:

Hand Weapons
 a - a +2 dire flail of protection (weapon)
 b - a +0 shortbow
 e - a +0 mace
 D - a +0 hunting sling
Missiles
 f - 162 stones (quivered)
 n - 40 sling bullets
 p - a throwing net
 x - 26 poisoned needles
 y - 55 arrows
 z - 8 tomahawks
 G - 49 bolts
 I - 7 needles of confusion
Armour
 c - a +0 leather armour
 j - a +0 pair of boots (worn)
 q - a +0 cloak (worn)
 v - a +0 ring mail (worn)
 A - a +1 helmet (worn)
Jewellery
 l - a ring of protection from cold (left hand)
 m - an uncursed ring of see invisible
 u - an uncursed amulet of magic regeneration
 E - a +2 ring of strength (right hand)
Wands
 r - a wand of paralysis (9)
 H - a wand of flame (17)
 J - a wand of polymorph (4)
Scrolls
 g - 3 scrolls of teleportation
 h - a scroll of immolation {unknown}
 s - 5 scrolls of remove curse
Potions
 i - 4 potions of curing
 t - 2 potions of flight
 B - a potion of agility {unknown}
 C - a potion of brilliance {unknown}
 F - a potion of magic {unknown}
Comestibles
 d - 11 rations


   Skills:
 + Level 6.0 Fighting
 + Level 3.8 Short Blades
 + Level 3.8 Long Blades
 + Level 3.8 Axes
 + Level 6.0 Maces & Flails
 + Level 3.8 Polearms
 + Level 3.8 Staves
 + Level 3.8 Slings
 + Level 3.8 Bows
 + Level 3.8 Crossbows
 + Level 3.8 Throwing
 + Level 4.6 Armour
 + Level 6.0 Dodging
 + Level 3.8 Stealth
 + Level 3.8 Shields
 + Level 3.8 Unarmed Combat
 + Level 6.3 Spellcasting
 + Level 3.1 Conjurations
 + Level 3.1 Hexes
 + Level 6.3 Charms
 + Level 3.1 Summonings
 + Level 3.1 Necromancy
 + Level 3.1 Translocations
 + Level 3.1 Transmutations
 + Level 3.1 Fire Magic
 + Level 3.1 Ice Magic
 + Level 3.1 Air Magic
 + Level 3.1 Earth Magic
 + Level 3.1 Poison Magic
 + Level 4.2 Invocations
 + Level 3.8 Evocations


You had 12 spell levels left.
You knew the following spells:

 Your Spells              Type           Power        Failure   Level  Hunger
a - Regeneration          Chrm/Necr      ###.......   12%         3    ###....
c - Song of Slaying       Chrm           ###.....     3%          2    #......
z - Spectral Weapon       Hex/Chrm       ###.....     12%         3    ###....

Your spell library contained the following spells:

 Spells                   Type           Power        Failure   Level  Hunger
 Infusion                 Chrm           ###.         2%          1    None
 Shroud of Golubria       Chrm/Tloc      ###.......   6%          2    #......
 Confusing Touch          Hex            ##....       9%          1    None
 Confuse                  Hex            ##......     24%         3    ###....
 Gell's Gravitas          Tloc           ##........   24%         3    ###....
 Petrify                  Tmut/Erth      ##......     63%         4    ####...
 Metabolic Englaciation   Hex/Ice        ##........   92%         5    ######.
 Yara's Violent Unravell  Hex/Tmut       ##........   92%         5    ######.


Dungeon Overview and Level Annotations

Branches:
Dungeon (6/15)             Temple (1/1) D:5

Altars:
Dithmenos
Elyvilon
Fedhas
Kikubaaqudgha
Makhleb
Okawaru
Ru
Sif Muna
Vehumet
Wu Jian
Yredelemnul
Zin
The Shining One

Annotations:
D:4 1 runed door, Balalaika's ghost, amateur HaWr


Innate Abilities, Weirdness & Mutations

Your experience applies equally to all skills.
You have very sharp teeth.
Your uncanny sense of smell can sniff out nearby items.


Message History

* * * LOW HITPOINT WARNING * * *
You hit the death knight but do no damage.
You bite the death knight, but do no damage.
The death knight is severely wounded.
The death knight hits you with a +4 halberd.
* * * LOW HITPOINT WARNING * * *
You feel better.
You closely miss the death knight.
The death knight is severely wounded.
The death knight hits you with a +4 halberd.
* * * LOW HITPOINT WARNING * * *
You hit the death knight but do no damage.
The death knight is severely wounded.
The death knight invokes the aid of Yredelemnul against you.
Your body is wracked with pain!
* * * LOW HITPOINT WARNING * * *
You puncture the death knight!
The death knight is severely wounded.
The death knight hits you with a +4 halberd!!
You die...

#.# #..## #.# #....
#.######## #..#.
#........# #....
#..#####.## #.#.#
#..#####.##.######.#.#
#..##(.............#.#
#..##p# .##.....####..
#..##@##.######.# ###
#........# #.######
########## #.......
#######. #. #. #. #.
#.


You could see a death knight.

Vanquished Creatures
  Grinder (D:3)
  Edmund (D:4)
  A black bear (D:6)
  A sky beast (D:5)
  2 ice beasts
  2 ogres
  3 phantoms
  A centaur (D:5)
  A howler monkey (D:5)
  A jelly (D:6)
  2 orc priests
  A bullfrog skeleton (D:4)
  2 iguanas
  3 worker ants
  A worker ant zombie (D:5)
  Robin (D:3)
  4 gnolls (D:6)
  8 adders
  A shadow imp (D:5)
  2 oozes
  An adder skeleton (D:4)
  3 worms
  6 dart slugs
  4 leopard geckos
  30 orcs
  10 bats
  5 giant cockroaches
  17 goblins
  7 hobgoblins
  10 jackals
  5 quokkas
  A ball python (D:5)
  3 frilled lizards
  A jackal skeleton (D:4)
  7 kobolds
  6 rats
155 creatures vanquished.

Vanquished Creatures (others)
  A goblin (D:3)
1 creature vanquished.

Grand Total: 156 creatures vanquished

Notes
Turn   | Place    | Note
-------+----------+-------------------------------------------
     0 | D:1      | TheGoonsmith the Gnoll Skald began the quest for the Orb.
     0 | D:1      | Reached XP level 1. HP: 20/20 MP: 6/6
   232 | D:1      | Reached XP level 2. HP: 13/26 MP: 7/7
   926 | D:1      | Reached XP level 3. HP: 31/31 MP: 9/9
  1057 | D:1      | Reached skill level 5 in Spellcasting
  1524 | D:2      | Learned a level 3 spell: Spectral Weapon
  1528 | D:2      | Learned a level 3 spell: Regeneration
  1695 | D:2      | Learned a level 2 spell: Song of Slaying
  1727 | D:2      | Reached skill level 1 in Invocations
  1813 | D:2      | Reached skill level 1 in Short Blades
  1813 | D:2      | Reached skill level 1 in Long Blades
  1813 | D:2      | Reached skill level 1 in Axes
  1813 | D:2      | Reached skill level 1 in Polearms
  1813 | D:2      | Reached skill level 1 in Staves
  1813 | D:2      | Reached skill level 1 in Slings
  1813 | D:2      | Reached skill level 1 in Bows
  1813 | D:2      | Reached skill level 1 in Crossbows
  1813 | D:2      | Reached skill level 1 in Throwing
  1813 | D:2      | Reached skill level 1 in Stealth
  1813 | D:2      | Reached skill level 1 in Shields
  1813 | D:2      | Reached skill level 1 in Unarmed Combat
  1813 | D:2      | Reached skill level 1 in Evocations
  1813 | D:2      | Reached XP level 4. HP: 31/38 MP: 11/11
  2477 | D:3      | Reached skill level 1 in Conjurations
  2477 | D:3      | Reached skill level 1 in Hexes
  2477 | D:3      | Reached skill level 1 in Summonings
  2477 | D:3      | Reached skill level 1 in Necromancy
  2477 | D:3      | Reached skill level 1 in Translocations
  2477 | D:3      | Reached skill level 1 in Transmutations
  2477 | D:3      | Reached skill level 1 in Fire Magic
  2477 | D:3      | Reached skill level 1 in Ice Magic
  2477 | D:3      | Reached skill level 1 in Air Magic
  2477 | D:3      | Reached skill level 1 in Earth Magic
  2477 | D:3      | Reached skill level 1 in Poison Magic
  2478 | D:3      | Noticed Grinder
  2621 | D:2      | Reached XP level 5. HP: 21/43 MP: 12/12
  2775 | D:3      | Paralysed by Grinder for 7 turns
  3235 | D:3      | You fall through a shaft!
  3239 | D:4      | Noticed a phantom
  3270 | D:4      | Killed a phantom
  3270 | D:4      | Reached XP level 6. HP: 22/50 MP: 4/13
  3675 | D:4      | Found a runed door.
  3681 | D:4      | Noticed Balalaika's ghost (amateur HaWr)
  3686 | D:4      | Noticed Edmund
  3823 | D:4      | Killed Edmund
  3823 | D:4      | Reached skill level 5 in Fighting
  3823 | D:4      | Reached skill level 5 in Maces & Flails
  3823 | D:4      | Reached skill level 5 in Dodging
  4166 | D:3      | Reached XP level 7. HP: 30/56 MP: 15/15
  4372 | D:3      | Killed Grinder
  4568 | D:3      | Found a basalt altar of Yredelemnul.
  4837 | D:3      | Noticed Robin
  4880 | D:3      | Killed Robin
  5560 | D:5      | Entered Level 5 of the Dungeon
  5768 | D:5      | Reached XP level 8. HP: 41/63 MP: 16/16
  6128 | D:5      | Found a staircase to the Ecumenical Temple.
  6160 | Temple   | Entered the Ecumenical Temple
  6231 | Temple   | Became a worshipper of the Wu Jian Council
  7147 | D:6      | Reached XP level 9. HP: 45/69 MP: 18/18
  7513 | D:6      | Noticed a death knight
  7540 | D:6      | Mangled by a death knight

Vault maps used:
D:1:      dpeg_arrival_orchard
D:3:      kennysheep_goblin_castle, nicolae_overflow_crystal_walls, uniq_robin,
          uniq_grinder
D:4:      minmay_door_path, ebering_ghost_sewer_d, uniq_edmund
D:5:      temple_statues, first_ration, fountainhead
Temple:   regret_index_temple_chain_breaker

Skill      XL: |  1  2  3  4  5  6  7  8  9 |
---------------+----------------------------+-----
Spellcasting   | 5 6 |  6.3
Invocations    | 1 2 3 4 |  4.2
Short Blades   | 1 2 3 |  3.8
Long Blades    | 1 2 3 |  3.8
Axes           | 1 2 3 |  3.8
Polearms       | 1 2 3 |  3.8
Staves         | 1 2 3 |  3.8
Slings         | 1 2 3 |  3.8
Bows           | 1 2 3 |  3.8
Crossbows      | 1 2 3 |  3.8
Throwing       | 1 2 3 |  3.8
Stealth        | 1 2 3 |  3.8
Shields        | 1 2 3 |  3.8
Unarmed Combat | 1 2 3 |  3.8
Evocations     | 1 2 3 |  3.8
Conjurations   | 1 2 3 |  3.1
Hexes          | 1 2 3 |  3.1
Summonings     | 1 2 3 |  3.1
Necromancy     | 1 2 3 |  3.1
Translocations | 1 2 3 |  3.1
Transmutations | 1 2 3 |  3.1
Fire Magic     | 1 2 3 |  3.1
Ice Magic      | 1 2 3 |  3.1
Air Magic      | 1 2 3 |  3.1
Earth Magic    | 1 2 3 |  3.1
Poison Magic   | 1 2 3 |  3.1
Armour         | 3 4 |  4.6
Fighting       | 5 6 |  6.0
Maces & Flails | 5 6 |  6.0
Dodging        | 5 6 |  6.0
Charms         | 6 |  6.3

Action                   |  1- 3 |  4- 6 |  7- 9 || total
-------------------------+-------+-------+-------++-------
Melee: Mace              |    81 |   114 |       ||   195
       Bite              |     7 |    16 |    16 ||    39
       Dire flail        |       |    14 |   113 ||   127
 Fire: Hunting sling     |    46 |    57 |   213 ||   316
       Shortbow          |       |       |    88 ||    88
 Cast: Regeneration      |     2 |     3 |     1 ||     6
       Spectral Weapon   |       |     4 |       ||     4
  Use: Scroll            |     1 |     1 |     7 ||     9
       Potion            |       |     1 |     4 ||     5
 Stab: Sleeping          |     1 |     1 |       ||     2
       Invisible         |       |       |     2 ||     2
  Eat: Chunk             |     2 |     9 |     9 ||    20
Armor: Leather armour    |    16 |    43 |       ||    59
       Ring mail         |       |     8 |    79 ||    87
Dodge: Dodged            |    60 |   135 |   131 ||   326
Block: Buckler           |       |     5 |       ||     5

Table legend:
 A = Non-vault XP
 B = Vault XP
 C = Vault XP percentage of total XP
 D = Non-vault monster count
 E = Vault monster count
 F = Vault count percentage of total count
                 A         B        C        D         E       F
            +---------+---------+-------+---------+---------+-------
      Total |    2064 |     481 |  18.9 |     131 |      24 |  15.5
            +---------+---------+-------+---------+---------+-------
        D:1 |      39 |       0 |   0.0 |      19 |       0 |   0.0
        D:2 |     125 |       0 |   0.0 |      35 |       0 |   0.0
        D:3 |     135 |     314 |  69.9 |      26 |      21 |  44.7
        D:4 |     392 |     167 |  29.9 |      19 |       3 |  13.6
        D:5 |     670 |       0 |   0.0 |      17 |       0 |   0.0
        D:6 |     703 |       0 |   0.0 |      15 |       0 |   0.0
            +---------+---------+-------+---------+---------+-------
